 Dungeon Crawl Stone Soup version 0.31-a0-204-g7da18cac08 (webtiles) character file.

Game seed: 17048933381089865762

33 qw the Shooter (level 3, 0/20 HPs)
             Began as a Deep Elf Hunter on June 27, 2023.
             Slain by an adder (3 damage)
             ... on level 2 of the Dungeon.
             The game lasted 00:00:20 (907 turns).

qw the Shooter (Deep Elf Hunter)                     Turns: 907, Time: 00:00:20

Health: 0/20       AC:  6    Str: 10    XL:     3   Next: 12%
Magic:  5/5        EV:  9    Int: 13    God:
Gold:   87         SH:  0    Dex: 18    Spells: 2/2 levels left

rFire   . . .        Y - +0 shortbow
rCold   . . .        (shield currently unavailable)
rNeg    . . .        f - +0 scale mail
rPois   .            (no helmet)
rElec   .            (no cloak)
rCorr   .            (no gloves)
SInv    +            (no boots)
Will    .....        (no amulet)
Stlth   +            h - ring of see invisible
HPRegen 0.23/turn    (no ring)
MPRegen 0.09/turn

%: no passive effects
@: no status effects
A: no striking features
a: no special abilities


You were on level 2 of the Dungeon.
You visited 1 branch of the dungeon, and saw 2 of its levels.

You collected 87 gold pieces.


   Skills:
 - Level 1.5 Fighting
 + Level 6.7 Ranged Weapons
 - Level 2.4 Dodging
 - Level 1.2 Stealth


You had 2 spell levels left.
You didn't know any spells.
Your spell library was empty.

Inventory:

Hand Weapons
 Y - a +0 shortbow (weapon)
Armour
 f - a +0 scale mail (worn)
Jewellery
 h - a ring of see invisible (left hand)
Scrolls
 a - a scroll of identify {unknown}
 b - a scroll of enchant armour {unknown}
Potions
 e - a potion of brilliance {unknown}

Dungeon Overview and Level Annotations

Branches:
Dungeon (2/15)

Altars:


Message History

The jackal bites you but does no damage. x6
You shoot an arrow. The arrow hits the jackal.
You kill the jackal!
The jackal bites you but does no damage. x2
The jackal barely misses you. The adder bites you but does no damage.
The jackal closely misses you.
You shoot an arrow. The arrow closely misses the adder.
The jackal closely misses you. The adder bites you.
You are poisoned.
The adder poisons you! The jackal barely misses you. The jackal bites you. x2
The adder bites you but does no damage.
You shoot an arrow. The arrow hits the adder.
The adder is heavily wounded.
You feel very sick.
The jackal bites you but does no damage. x2
The adder barely misses you. The jackal bites you.
The jackal bites you but does no damage.
The adder closely misses you.
You shoot an arrow. The arrow barely misses the adder.
You feel sick. The jackal barely misses you.
The jackal bites you but does no damage.
The adder bites you but does no damage. The jackal barely misses you.
The jackal closely misses you.
You shoot an arrow. The arrow barely misses the adder.
You feel sick. The adder bites you but does no damage.
The jackal closely misses you.
The jackal bites you but does no damage.
The adder closely misses you. The jackal barely misses you.
The jackal bites you but does no damage.
You shoot an arrow. The arrow hits the adder.
The adder is severely wounded.
You feel sick. The adder bites you but does no damage.
The jackal bites you but does no damage.
The jackal bites you. The adder closely misses you.
The jackal barely misses you. x2
You shoot an arrow. The arrow misses the adder.
You feel sick.
You are no longer poisoned.
The adder bites you.
You die...

##### ##...## ##.....~##
#### #..#.....# ...#
#.##..~.~##
#..####.#~~~~~~~#
#.......#.....# ###
..####hh....#.....## #.)
.....%S@...........# #..
.....##.##########.###..
... #.# ###....#.. . ...
..........'.. ####
#####.....##. #.....#8.
.....####. ......# ##
.......# #


You could see an adder and 2 jackals.

Vanquished Creatures
  A dart slug (D:1)
  2 bats (D:1)
  An endoplasm (D:1)
  3 giant cockroaches (D:1)
  9 goblins
  2 hobgoblins (D:1)
  2 jackals (D:2)
  A ball python (D:1)
  3 kobolds (D:1)
  5 rats
29 creatures vanquished.

Notes
Turn   | Place    | Note
-------+----------+-------------------------------------------
     0 | D:1      | qw the Deep Elf Hunter began the quest for the Orb.
     0 | D:1      | Reached XP level 1. HP: 12/12 MP: 3/3
     0 | D:1      | 0 ||| qw: Version: 0.3-a-22-g0ed2b0b
     0 | D:1      | 0 ||| qw: Game counter: 6512
     0 | D:1      | 0 ||| qw: Melee chars always use a shield: true
     0 | D:1      | 0 ||| qw: God list: Okawaru
     0 | D:1      | 0 ||| qw: Allow faded altars: false
     0 | D:1      | 0 ||| qw: Do Orc after clearing Dungeon:15 true
     0 | D:1      | 0 ||| qw: Do second Lair branch before Depths: true
     0 | D:1      | 0 ||| qw: Lair rune preference: random
     0 | D:1      | 0 ||| qw: Goals: Normal
     0 | D:1      | 0 ||| PLANNING D:1-11
   169 | D:1      | Reached skill level 6 in Ranged Weapons
   169 | D:1      | Reached XP level 2. HP: 16/16 MP: 4/4
   717 | D:1      | Reached XP level 3. HP: 20/20 MP: 5/5
   784 | D:1      | 784 ||| UPGRADING to +0 scale mail.
   794 | D:1      | 794 ||| DROPPING +0 leather armour.
   795 | D:1      | 795 ||| UPGRADING to ring of see invisible.
   796 | D:1      | 796 ||| READING scroll labelled FULICK UBIMO.
   799 | D:1      | 799 ||| READING scroll labelled BAISESCH HIYKKI.
   800 | D:1      | 800 ||| DROPPING scroll of butterflies.
   906 | D:2      | HP: 4/20 [jackal (2)]
   907 | D:2      | Slain by an adder

Levels and vault maps discovered:
D:1:      scummos_arrival_gate, layout_basic
D:2:      cheibrodos_fertilizer, layout_basic, serial_corexii_hall,
          chequers_hall_statues_corner_a, corexii_hall_statues_s,
          corexii_hall_statues_x, corexii_hall_statues_i,
          chequers_hall_statues_y, corexii_hall_statues_x,
          hellmonk_ecumenical_altar_blasted, basic_altar,
          chequers_serial_rivers_micro_e, uniq_jessica

Skill      XL: |  1 |
---------------+----+-----
Ranged Weapons | 6 |  6.7
Fighting       | |  1.5
Dodging        | |  2.4
Stealth        | |  1.2

Action                     || total
---------------------------++-------
   Fire: Shortbow          ||    76
    Use: Scroll            ||     2
 Armour: Leather armour    ||     1
         Scale mail        ||    30
  Dodge: Dodged            ||    24

Table legend:
 A = Non-vault XP
 B = Vault XP
 C = Vault XP percentage of total XP
 D = Non-vault monster count
 E = Vault monster count
 F = Vault count percentage of total count
                 A         B        C        D         E       F
            +---------+---------+-------+---------+---------+-------
      Total |      48 |       0 |   0.0 |      29 |       0 |   0.0
            +---------+---------+-------+---------+---------+-------
        D:1 |      41 |       0 |   0.0 |      25 |       0 |   0.0
        D:2 |       7 |       0 |   0.0 |       4 |       0 |   0.0
            +---------+---------+-------+---------+---------+-------
